 Dungeon Crawl Stone Soup version 0.27.1-2-g3b301248ec (webtiles) character file.

Game seed: 15999475690175716892

1960 nxtlvl the Cleaver (level 9, 0/81 HPs)
             Began as a Hill Orc Monk on Sept 25, 2021.
             Was a Follower of Uskayaw.
             Slain by an orc warrior (7 damage)
             ... while paralysed by a hornet
             ... on level 8 of the Dungeon.
             The game lasted 00:28:18 (2973 turns).

nxtlvl the Cleaver (Hill Orc Monk)                  Turns: 2973, Time: 00:28:20

Health: 0/81       AC: 11    Str: 14    XL:     9   Next: 19%
Magic:  13/13      EV:  2    Int: 10    God:    Uskayaw [*.....]
Gold:   211        SH:  0    Dex: 16    Spells: 8/8 levels left

rFire    . . .     SeeInvis .   a - +0 war axe
rCold    . . .     Faith    .   (no shield)
rNeg     . . .     Spirit   .   c - +3 ring mail
rPois    .         Reflect  +   d - +0 helmet
rElec    .         Harm     .   (no cloak)
rCorr    .         Rampage  .   f - +0 pair of gloves
Will     .....                  e - +0 pair of boots
Stlth    +.........             j - amulet of reflection
HPRegen  0.23/turn              (no ring)
MPRegen  0.13/turn              (no ring)

@: paralysed, slowed
A: no striking features
a: Renounce Religion, Stomp


You were on level 8 of the Dungeon.
You worshipped Uskayaw.
Uskayaw was noncommittal.
You visited 2 branches of the dungeon, and saw 9 of its levels.
You also visited: Sewer.

You collected 266 gold pieces.
You spent 55 gold pieces at shops.

Inventory:

Hand Weapons
 a - a +0 war axe (weapon)
 b - a +0 shortbow
Missiles
 k - 103 arrows
 q - 23 poisoned darts (quivered)
 t - 38 bolts
Armour
 c - a +3 ring mail (worn)
 d - a +0 helmet (worn)
 e - a +0 pair of boots (worn)
 f - a +0 pair of gloves (worn)
 C - a +0 plate armour
Magical Staves
 l - a staff of fire
Jewellery
 j - an amulet of reflection (around neck)
Wands
 r - a wand of charming (1)
 u - a wand of flame (2)
Scrolls
 h - a scroll of amnesia
 m - a scroll of noise
 n - a scroll of immolation
 p - a scroll of fog
 s - a scroll of enchant weapon
 v - 2 scrolls of teleportation
 w - a scroll of acquirement {unknown}
 x - a scroll of vulnerability {unknown}
 y - a scroll of enchant armour {unknown}
 A - 2 scrolls of blinking
Potions
 g - 2 potions of heal wounds
 i - a potion of curing
 o - 2 potions of brilliance


   Skills:
 + Level 8.2 Fighting
 * Level 11.7 Axes
 - Level 2.4 Dodging
 - Level 1.5 Stealth
 + Level 6.2 Invocations


You had 8 spell levels left.
You didn't know any spells.
Your spell library contained the following spells:

 Spells                   Type           Power      Damage    Failure   Level
 Corpse Rot               Necr/Air       N/A        N/A       75%         2
 Poisonous Vapours        Pois/Air       0%         N/A       75%         2
 Slow                     Hex            0%         N/A       75%         2
 Confusing Touch          Hex            0%         N/A       93%         3
 Cause Fear               Hex            0%         N/A       100%        4
 Freezing Cloud           Conj/Ice/Air   0%         6-21      100%        5
 Yara's Violent Unravell  Hex/Tmut       0%         3d3       100%        5
 Dragon Form              Tmut           0%         N/A       100%        7
 Borgnjor's Revivificati  Necr           0%         N/A       100%        8
 Necromutation            Tmut/Necr      0%         N/A       100%        8
 Death's Door             Necr           0%         N/A       100%        9
 Dragon's Call            Summ           0%         N/A       100%        9


Dungeon Overview and Level Annotations

Branches:
Dungeon (8/15)             Temple (1/1) D:7            Lair (0/6) D:8
  Sewer (visited)

Altars:
Ashenzari
Dithmenos
Fedhas
Gozag
Makhleb
Qazlal
Uskayaw
Xom
Yredelemnul
Zin

Shops:
D:3 !*=(=

Annotations:
D:8 3 runed translucent doors, Erica; Gastronok; Pikel; unlimited1921's ghost, novice HOFE


Message History

A lemure comes into view.
The lemure hits you! The lemure hits you but does no damage.
The lemure closely misses you. The lemure hits you but does no damage.
The lemure hits you.
* * * LOW HITPOINT WARNING * * *
The lemure hits you but does no damage. The lemure hits you but does no damage.
The orc warrior shouts!
The orc wizard shouts!
You block the lemure's attack. You block the orc warrior's attack.
The orc closely misses you.
The hornet buzzes angrily.
The orc warrior hits you with a +0 short sword!
* * * LOW HITPOINT WARNING * * *
The orc wizard points at you and mumbles some strange words.
You easily resist.
The orc warrior hits you with a +0 short sword.
* * * LOW HITPOINT WARNING * * *
The orc wizard gestures at you while chanting.
The puff of flame hits you but does no damage.
The orc wizard casts a spell at you. The puff of flame misses you.
You slash the hornet!
The hornet is moderately wounded.
You closely miss the orc warrior. You hit the orc wizard.
The hornet stings you but does no damage.
The hornet barely misses you.
The orc wizard gestures at you while chanting.
The magic dart hits you but does no damage.
The orc warrior barely misses you.
The lemure shouts!
The hornet stings you but does no damage.
You block the orc wizard's attack. The orc hits you but does no damage.
The hornet stings you!
* * * LOW HITPOINT WARNING * * *
You suddenly lose the ability to move!
The orc warrior hits you with a +0 short sword!
You die...

........##...#...####.# #<.......
............####.####.....#.....#
.n5......##.# #5...#.....# [.$##
.#......## ##.........## ....
.#......### #.55###.... ..(
.......###..# ##5## ###.. ..
......{.......##K.# ... .
.###..5........noo## ..## ##
##..........o@..#. #
.....o....y........ .
..#................
.#................#
..................#
...................
.......<...........
..................
#..............


You could see Pikel, a hornet, an orc warrior, 4 lemures, a necrophage, an orc
wizard and 2 orcs.

Vanquished Creatures
  Eustachio (D:4)
  A steam dragon (D:8)
  A warg (D:7)
  Menkaure (D:6)
  A water moccasin (Sewer)
  2 orc warriors
  2 ice beasts
  2 necrophages (D:6)
  A centaur (D:6)
  Blork the orc (D:6)
  A water moccasin skeleton (D:6)
  A jelly (D:5)
  2 orc priests
  4 hounds
  A bullfrog skeleton (D:6)
  2 centaur skeletons
  7 orc wizards
  6 adders
  2 shadow imps (D:8)
  3 white imps
  3 ufetubi
  A dart slug (D:3)
  14 orcs
  6 ball pythons
  2 bats
  5 endoplasms
  3 giant cockroaches
  9 goblins
  3 hobgoblins
  5 jackals
  6 kobolds
  7 quokkas
  5 rats
111 creatures vanquished.

Vanquished Creatures (collateral kills)
  3 orcs
3 creatures vanquished.

Vanquished Creatures (others)
  An orc wizard (D:7)
1 creature vanquished.

Grand Total: 115 creatures vanquished

Notes
Turn   | Place    | Note
-------+----------+-------------------------------------------
     0 | D:1      | nxtlvl the Hill Orc Monk began the quest for the Orb.
     0 | D:1      | Reached XP level 1. HP: 19/19 MP: 1/1
    60 | D:1      | Noticed a golden eye
    66 | D:1      | Found a faded altar of an unknown god.
    67 | D:1      | Noticed a shining eye
    67 | D:1      | Noticed a shining eye
    67 | D:1      | Noticed a golden eye
    96 | D:1      | Reached XP level 2. HP: 18/27 MP: 2/2
   249 | D:2      | Found a basalt altar of Yredelemnul.
   287 | D:2      | Reached skill level 5 in Axes
   298 | D:2      | Reached XP level 3. HP: 11/33 MP: 3/3
   555 | D:3      | Reached XP level 4. HP: 23/41 MP: 4/4
   561 | D:3      | Found an opulent altar of Gozag.
   614 | D:3      | Found Raoriown's Jewellery Boutique.
   630 | D:3      | Found Wavydu Uvube's Jewellery Shop.
   634 | D:3      | Found a shimmering altar of Xom.
   651 | D:3      | Found Roabusyd's Antique Weapon Shop.
   721 | D:3      | Found Radibb's Assorted Antiques.
   758 | D:3      | You fall into a shaft and drop 2 floors!
   758 | D:5      | Entered Level 5 of the Dungeon
   769 | D:5      | Found a burning altar of Makhleb.
   774 | D:5      | Found a glowing silver altar of Zin.
   774 | D:5      | Noticed an angel
   774 | D:5      | Noticed an Executioner
   821 | D:5      | Found a stormy altar of Qazlal.
   840 | D:5      | Reached skill level 6 in Axes
   935 | D:5      | Reached XP level 5. HP: 29/47 MP: 5/5
   939 | D:5      | Reached skill level 5 in Fighting
   986 | D:5      | Found a glowing drain.
   990 | Sewer    | Entered a sewer
  1053 | Sewer    | Noticed a water moccasin
  1058 | Sewer    | Killed a water moccasin
  1059 | Sewer    | Reached skill level 7 in Axes
  1059 | Sewer    | Reached XP level 6. HP: 32/56 MP: 6/6
  1132 | D:5      | Noticed an ice beast
  1153 | D:5      | Noticed a +0 spear
  1153 | D:5      | Noticed a +0 spear
  1153 | D:5      | Noticed a +0 dagger
  1153 | D:5      | Noticed a +0 falchion
  1153 | D:5      | Noticed a +0 falchion
  1153 | D:5      | Noticed a +0 short sword
  1153 | D:5      | Noticed a +0 short sword
  1153 | D:5      | Noticed a +0 dagger
  1167 | D:5      | Found a hide-covered altar of Uskayaw.
  1183 | D:5      | Became a worshipper of Uskayaw the Reveller
  1183 | D:5      | Reached * piety under Uskayaw
  1210 | D:5      | Identified the +3 dagger "Woillat" {drain, Str+7}
  1225 | D:4      | Reached skill level 8 in Axes
  1237 | D:3      | Found Icrokitti's Distillery.
  1244 | D:3      | Bought a potion of heal wounds for 55 gold pieces
  1358 | D:4      | Noticed Eustachio
  1383 | D:4      | Reached ** piety under Uskayaw
  1408 | D:4      | Found a broken altar of Ashenzari.
  1443 | D:4      | Killed Eustachio
  1444 | D:4      | Reached skill level 1 in Invocations
  1444 | D:4      | Reached XP level 7. HP: 18/63 MP: 6/8
  1703 | D:6      | Reached *** piety under Uskayaw
  1704 | D:6      | Reached skill level 9 in Axes
  1704 | D:6      | Found a shadowy altar of Dithmenos.
  1722 | D:6      | Noticed Menkaure
  1899 | D:6      | Noticed Blork the orc
  1908 | D:6      | Killed Blork the orc
  1942 | D:6      | Killed Menkaure
  1943 | D:6      | Reached XP level 8. HP: 15/71 MP: 10/10
  1996 | D:6      | Reached skill level 10 in Axes
  2362 | D:6      | Reached skill level 5 in Invocations
  2521 | D:8      | Found a staircase to the Lair.
  2551 | D:7      | Reached skill level 11 in Axes
  2576 | D:7      | Found a staircase to the Ecumenical Temple.
  2588 | Temple   | Entered the Ecumenical Temple
  2688 | D:8      | Noticed Gastronok
  2738 | D:7      | Reached XP level 9. HP: 52/81 MP: 9/13
  2837 | D:8      | Noticed Erica
  2864 | D:8      | Found a runed translucent gate.
  2866 | D:8      | Found a runed translucent gate.
  2866 | D:8      | Found a runed translucent gate.
  2866 | D:8      | Noticed unlimited1921's ghost (novice HOFE)
  2869 | D:8      | Noticed a red ugly thing
  2883 | D:8      | Noticed a hornet
  2951 | D:8      | Noticed Pikel
  2973 | D:8      | Paralysed by a hornet for 1 turns
  2973 | D:8      | Slain by an orc warrior

Illustrated notes

Levels and vault maps discovered:
D:1:      wander_arrival_desolate, layout_loops_corners,
          hellmonk_ecumenical_altar_watching_god
D:2:      layout_basic, basic_altar
D:3:      layout_basic, gammafunk_temple_overflow_statue,
          general_overflow_altar, nicolae_gozag_seed_capital, serial_shops,
          nicolae_shop_crystal, nicolae_shop_crystal, nicolae_lakefront_shop,
          shop, nicolae_shop_trees
D:4:      layout_basic, mainiacjoe_overflow_catwalk, minmay_ogre_servants,
          uniq_edmund, uniq_natasha, uniq_eustachio
D:5:      layout_rooms, grunt_temple_overflow_order_and_chaos_2,
          nicolae_uskayaw_en_pointe, mainiacjoe_overflow_small_starburst,
          gup_sewer_entry_bowl, minmay_a_box_with_orc_wizards_in_it
D:6:      layout_basic, mainiacjoe_overflow_tiny_flanked, uniq_blork_the_orc,
          uniq_menkaure
D:7:      layout_rooms, minmay_temple_entry_stoned_glass,
          kennysheep_generic_room_13
D:8:      layout_cave_pools, trog_three_pillars_becter,
          erik_lair_orcish_takeover, gammafunk_ghost_split, uniq_pikel,
          uniq_gastronok, uniq_erica
Temple:   compressed_dpeg_triangle_lava_temple

Skill      XL: |  1  2  3  4  5  6  7  8  9 |
---------------+----------------------------+-----
Fighting       | 4 5 6 7 8 |  8.2
Axes           | 5 6 7 8 9 11 | 11.7
Invocations    | 1 3 5 6 |  6.2
Dodging        | |  2.4
Stealth        | |  1.5

Action                   |  1- 3 |  4- 6 |  7- 9 || total
-------------------------+-------+-------+-------++-------
Melee: Hand axe          |   117 |   137 |    52 ||   306
       War axe           |       |       |   149 ||   149
Throw: Dart              |       |     3 |    10 ||    13
Invok: Stomp             |       |       |     7 ||     7
Evoke: Wand              |     8 |     6 |    28 ||    42
  Use: Scroll            |       |     5 |     7 ||    12
       Potion            |       |     1 |     2 ||     3
 Stab: Sleeping          |     2 |       |       ||     2
       Paralysed         |       |       |     1 ||     1
Armor: Robe              |     9 |       |       ||     9
       Ring mail         |    20 |    61 |    87 ||   168
Dodge: Dodged            |    67 |    53 |    95 ||   215
Block: Other             |       |     7 |    38 ||    45
